 Dungeon Crawl Stone Soup version 0.32-a0-913-g739538afd8 (webtiles) character file.

Game seed: 7855096208307295885

287 HilariousDeathArtist the Trooper (level 6, -18/53 HPs)
             Began as a Coglin Monk on Apr 9, 2024.
             Demolished by Menkaure (21 damage)
             ... on level 4 of the Dungeon.
             The game lasted 00:02:45 (2390 turns).

HilariousDeathArtist the Trooper (Coglin Monk)      Turns: 2390, Time: 00:02:46

Health: -18/53     AC:  8    Str: 13    XL:     6   Next: 30%
Magic:  6/6        EV:  9    Int: 10    God:
Gold:   171        SH:  0    Dex: 16    Spells: 5/5 levels left

rFire   . . .        a - +0 spear {Shu}
rCold   . . .        b - +4 short sword of False Accusations {elec, Fly Will+}
rNeg    . . .        k - +0 scale mail
rPois   .            q - +0 helmet
rElec   .            (no cloak)
rCorr   .            j - +0 pair of gloves
SInv    .            (no boots)
Will    +....        (amulet unavailable) Stlth
                     (ring unavailable)
HPRegen 0.28/turn    (ring unavailable)
MPRegen 0.10/turn    (no gizmo)

%: no passive effects
@: flying, revving
A: off-hand wielding, slow wielding, warmup strikes, no jewellery
a: Invent Gizmo


You were on level 4 of the Dungeon.
You visited 1 branch of the dungeon, and saw 4 of its levels.

You collected 171 gold pieces.

Inventory:

Hand Weapons
 a - a +0 spear (weapon) {Shu}
 b - the +4 short sword of False Accusations (offhand) {elec, Fly Will+}
   (You found it on level 3 of the Dungeon)

   Will+:     It increases your willpower.
   Fly:       It grants you flight.
 n - a +1 mace of chaos
   (You took it off an orc on level 3 of the Dungeon)
Missiles
 e - 17 poisoned darts
Armour
 j - a +0 pair of gloves (worn)
   (You found it on level 2 of the Dungeon)
 k - a +0 scale mail (worn)
   (You found it on level 2 of the Dungeon)
 p - an orb of light
 q - a +0 helmet (worn)
   (You found it on level 3 of the Dungeon)
Wands
 d - a wand of digging (6)
   (You found it on level 3 of the Dungeon)
Scrolls
 i - a scroll of revelation
 E - a scroll of fear
Potions
 f - a potion of lignification {unknown}
 m - a potion of brilliance {unknown}
 G - 2 potions of ambrosia {!q}
 J - a potion of curing {@q1}


   Skills:
 + Level 6.9 Fighting
 - Level 2.6 Polearms
 - Level 2.6 Dodging


You had 5 spell levels left.
You didn't know any spells.
Your spell library contained the following spells:

 Spells                   Type           Power      Damage    Failure   Level
 Necrotise                Necr           0%         1d4       88%         1
 Vampiric Draining        Necr           0%         2d6       99%         3
 Volatile Blastmotes      Fire/Tloc      0%         2d10      99%         3
 Fulminant Prism          Conj/Alch      0%         3d5       100%        4
 Iskenderun's Mystic Bla Conj/Tloc 0%             2d3        (+2d1     100%        4
 Martyr's Knell           Necr/Summ      0%         N/A       100%        4
 Curse of Agony           Necr           0%         N/A       100%        5


Dungeon Overview and Level Annotations

Branches:
Dungeon (4/15)
 Temple: D:4-7

Altars:

Shops:
D:2 [

Annotations:
D:4 Menkaure


Innate Abilities, Weirdness & Mutations

You can wield a second weapon in your off-hand.
It takes a long time for you to wield or remove held weapons.
Your first few attacks do less damage.
You cannot equip rings or amulets.


Message History

A hobgoblin comes into view.
You take 4 damage, and have 21/46 hp.
Unknown command.
It was a potion of curing.
You feel better.
J - 4 potions of curing The hobgoblin shouts!
The phantom hits you.
You regained 8 hp, and now have 29/46 hp.
You hit the phantom but do no damage. x2
The phantom hits you but does no damage.
You closely miss the phantom with the +4 short sword of False Accusations.
You hit the phantom but do no damage. The phantom barely misses you.
The hobgoblin attacks as it pursues you!
The hobgoblin hits you but does no damage.
You closely miss the phantom with your +0 spear.
You hit the phantom with the +4 short sword of False Accusations.
The phantom hits you but does no damage.
You hit the phantom with the +4 short sword of False Accusations.
Lightning courses through the phantom! You hit the phantom with your +0 spear.
The hobgoblin hits you but does no damage.
Menkaure gestures wildly while chanting.
Menkaure seems to speed up.
The phantom hits you but does no damage.
You miss the phantom with the +4 short sword of False Accusations.
You hit the phantom but do no damage.
The hobgoblin hits you but does no damage.
Menkaure calls on the powers of darkness!
Edmund convulses!
The hobgoblin convulses!
Your body is wracked with pain!
You take 14 damage, and have 17/46 hp.
MASSIVE DAMAGE!!
You hit the phantom with the +4 short sword of False Accusations.
Lightning courses through the phantom!
You destroy the phantom!
The hobgoblin closely misses you.
You have reached level 6!
You regained 3 hp, and now have 20/53 hp.
MP restored: 6 Unknown command.
You hit Edmund but do no damage.
You hit Edmund with the +4 short sword of False Accusations.
The hobgoblin barely misses you.
Edmund hits you with a +0 flail of protection.
* * * LOW HITPOINT WARNING * * *
You take 5 damage, and have 15/53 hp.
You hit Edmund but do no damage. x2; The hobgoblin closely misses you.
Edmund completely misses you.
You completely miss Edmund with your +0 spear.
You hit Edmund with the +4 short sword of False Accusations.
The hobgoblin hits you but does no damage.
Edmund hits you with a +0 flail of protection.
* * * LOW HITPOINT WARNING * * *
You take 2 damage, and have 14/53 hp.
A bombardier beetle comes into view.
The hobgoblin attacks as it pursues you!
The hobgoblin hits you but does no damage.
You barely miss the hobgoblin with the +4 short sword of False Accusations.
You hit the hobgoblin with your +0 spear.
You kill the hobgoblin!
Okay, then.
As you read the scroll labelled ELLUC QAUREIPE, it crumbles to dust.
You assume a fearsome visage.
Edmund looks frightened!
Menkaure is unaffected.
It was a scroll of fear.
E - a scroll of fear Menkaure hits you!
* * * LOW HITPOINT WARNING * * *
You take 7 damage, and have 8/53 hp.
Unknown command.
As you read the scroll labelled DUPNOUTOBLA, it crumbles to dust.
It is a scroll of identify.
i - a scroll of revelation Menkaure closely misses you.
Menkaure hits you.
* * * LOW HITPOINT WARNING * * *
You take 1 damage, and have 7/53 hp.
The air fills with toxic fumes!
As you read the scroll labelled VIMEOLL TONIRE, it crumbles to dust.
It was a scroll of poison.
Menkaure closely misses you.
Unknown command.
As you read the scroll labelled VUSOTO DEOSKAN, it crumbles to dust.
It is a scroll of brand weapon.
Your +1 mace of holy wrath erupts in a glittering mayhem of colour.
n - a +1 mace of chaos Menkaure hits you.
* * * LOW HITPOINT WARNING * * *
Edmund is engulfed in poison gas.
Edmund is poisoned.
You take 5 damage, and have 2/53 hp.
You feel better. Menkaure closely misses you.
Edmund looks even sicker.
You regained 8 hp, and now have 10/53 hp.
Unknown command.
Okay, then.
Okay, then.
You feel better. Menkaure hits you!
* * * LOW HITPOINT WARNING * * *
Edmund is engulfed in poison gas.
Edmund looks even sicker.
You kill Edmund!
You take 2 damage, and have 8/53 hp.
You feel better. Menkaure hits you!
* * * LOW HITPOINT WARNING * * *
Menkaure hits you!!
You die...

§§§§# §§§§ .. ##
§§§§ ... .# #§§#
.B###.##§§#
##.....#§§#
#......#§§# ##..
#.....#@§# ...
#§§§§§M#§# # #..
#§§.§§##§#.# #..
..§#§###.#§§.# #..
###.M...#§§
#.###.#......#§§#
##.....#.....##§#
#:.....#......#§#
.....#..<..#.....##


You could see Menkaure (fast).

Vanquished Creatures
  Edmund (D:4)
  A phantom (D:4)
  A sleepcap (D:3)
  7 adders
  2 dart slugs
  A ribbon worm (D:3)
  An orc (D:3)
  7 ball pythons
  9 endoplasms
  4 goblins
  10 hobgoblins
  5 kobolds
  2 quokkas (D:3)
  5 bats
  5 frilled lizards
  23 rats
84 creatures vanquished.

Notes
Turn   | Place    | Note
-------+----------+-------------------------------------------
     0 | D:1      | HilariousDeathArtist the Coglin Monk began the quest for
                  | the Orb.
     0 | D:1      | Reached XP level 1. HP: 18/18 MP: 1/1
    61 | D:1      | Reached XP level 2. HP: 21/24 MP: 2/2
   567 | D:2      | Reached skill level 4 in Fighting
   567 | D:2      | Reached XP level 3. HP: 21/30 MP: 3/3
  1008 | D:2      | Reached XP level 4. HP: 38/38 MP: 4/4
  1098 | D:2      | Found Cufacwil's Antique Armour Shop.
  1243 | D:2      | Reached skill level 5 in Fighting
  2005 | D:3      | Reached XP level 5. HP: 44/44 MP: 5/5
  2160 | D:3      | Identified the +4 short sword of False Accusations {elec,
                  | Fly Will+}
  2335 | D:3      | Reached skill level 6 in Fighting
  2363 | D:4      | Noticed Edmund
  2363 | D:4      | Noticed Menkaure
  2363 | D:4      | Noticed a phantom
  2376 | D:4      | Killed a phantom
  2377 | D:4      | Reached XP level 6. HP: 20/53 MP: 6/6
  2384 | D:4      | HP: 8/53 [Menkaure (7)]
  2387 | D:4      | HP: 2/53 [Menkaure (5)]
  2389 | D:4      | Killed Edmund
  2390 | D:4      | Demolished by Menkaure

Illustrated notes

Levels and vault maps discovered:
D:1:      psy_arrival_terrarium, layout_basic, serial_curves, eino_curves_04,
          eino_curves_02
D:2:      layout_basic, serial_shops, nicolae_shop_overgrown_old_shop
D:3:      layout_basic, st_stairs_7, grunt_ministairs_10, minmay_rat_hole
D:4:      nicolae_BIG_FREAKIN_CUBE, layout_basic, uniq_duvessa, uniq_edmund,
          uniq_menkaure

Skill      XL: |  1  2  3  4  5 |
---------------+----------------+-----
Fighting       | 4 5 6 |  6.9
Polearms       | |  2.6
Dodging        | |  2.6

Action                     |  1- 3 |  4- 6 || total
---------------------------+-------+-------++-------
  Melee: Spear             |    83 |   174 ||   257
         Short sword       |       |    36 ||    36
  Throw: Stone             |    11 |    10 ||    21
    Use: Potion            |       |     4 ||     4
         Scroll            |       |     4 ||     4
 Armour: Robe              |    29 |     5 ||    34
         Scale mail        |       |   119 ||   119
  Dodge: Dodged            |    33 |    63 ||    96

Table legend: (Time is in decaauts)
 A = Elapsed time spent in this place.
 B = Non-inter-level travel time spent in this place.
 C = Inter-level travel time spent in this place.
 D = Time resting spent in this place.
 E = Time spent auto-exploring this place.
 F = Levels seen in this place.
 G = Mean time per level.
                   A        B        C        D        E       F      G
               +--------+--------+--------+--------+--------+-----+--------+
         Total |   2385 |   2278 |    107 |      0 |   1790 |   4 |  596.2 |
       Dungeon |   2385 |   2278 |    107 |      0 |   1790 |   4 |  596.2 |
               +--------+--------+--------+--------+--------+-----+--------+

Top non-repeatable levels by time:
     D:2: 1161 daAuts
     D:3: 638 daAuts
     D:1: 556 daAuts
     D:4: 28 daAuts

Levels and vault maps discovered:
D:1:      psy_arrival_terrarium, layout_basic, serial_curves, eino_curves_04,
          eino_curves_02
D:2:      layout_basic, serial_shops, nicolae_shop_overgrown_old_shop
D:3:      layout_basic, st_stairs_7, grunt_ministairs_10, minmay_rat_hole
D:4:      nicolae_BIG_FREAKIN_CUBE, layout_basic, uniq_duvessa, uniq_edmund,
          uniq_menkaure

Table legend: (Time is in decaauts)
 A = Elapsed time spent in this place.
 B = Non-inter-level travel time spent in this place.
 C = Inter-level travel time spent in this place.
 D = Time resting spent in this place.
 E = Time spent auto-exploring this place.
 F = Levels seen in this place.
 G = Mean time per level.
                   A        B        C        D        E       F      G
               +--------+--------+--------+--------+--------+-----+--------+
         Total |   2385 |   2278 |    107 |      0 |   1790 |   4 |  596.2 |
       Dungeon |   2385 |   2278 |    107 |      0 |   1790 |   4 |  596.2 |
               +--------+--------+--------+--------+--------+-----+--------+

Top non-repeatable levels by time:
     D:2: 1161 daAuts
     D:3: 638 daAuts
     D:1: 556 daAuts
     D:4: 28 daAuts

Table legend:
 A = Kills in this place as a percentage of kills in the entire game.
 B = Kills by you in this place as a percentage of kills by you in the entire game.
 C = Kills by friends in this place as a percentage of kills by friends in the entire game.
 D = Other kills in this place as a percentage of other kills in the entire game.
 E = Experience gained in this place as a percentage of experience gained in the entire game.
 F = Experience gained in this place divided by the number of levels of this place that you have seen.
                   A       B       C       D       E      F
               +-------+-------+-------+-------+-------+----------------------
         Total | 100.0 | 100.0 |   N/A |   N/A | 100.0 | 102.5
       Dungeon | 100.0 | 100.0 |   N/A |   N/A | 100.0 | 102.5
               +-------+-------+-------+-------+-------+----------------------
